 Dungeon Crawl Stone Soup version 0.30-a0-765-g3161bf10a1 (webtiles) character file.

Game seed: 3804088704077629274

6969 Kenran the Basher (level 10, 0/94 HPs)
             Began as an Armataur Fighter on Feb 12, 2023.
             Was a Believer of Wu Jian.
             Slain by a yak (8 damage)
             ... on level 9 of the Dungeon.
             The game lasted 00:19:07 (9679 turns).

Kenran the Basher (Armataur Fighter)                Turns: 9679, Time: 00:19:07

Health: 0/94       AC: 22    Str: 34    XL:     10   Next: 81%
Magic:  10/10      EV:  4    Int:  8    God:    Wu Jian [**....]
Gold:   477        SH:  0    Dex:  7    Spells: 9/9 levels left

rFire   . . .      SeeInvis .    b - +0 whip (venom)
rCold   . . .      Faith    .    c - +0 buckler
rNeg    . . .      Spirit   .    u - +0 plate armour
rPois   .          Reflect  .    (no helmet)
rElec   .          Harm     .    (no cloak)
rCorr   .          Roll     +    o - +0 pair of gloves
Will    .....                    l - +0 barding "Huukk" {Str+7} Stlth
                                 (no amulet)
HPRegen 0.35/turn                (no ring)
MPRegen 0.12/turn                (no ring)

@: confused
A: large, rugged brown scales 3, deformed body, armoured tail, roll, long
tongue, awkward tongue, iridescent scales 2, clumsy 1
a: Renounce Religion, Wall Jump


You were on level 9 of the Dungeon.
You worshipped Wu Jian.
Wu Jian was pleased with you.
You visited 2 branches of the dungeon, and saw 10 of its levels.

You collected 544 gold pieces.
You spent 67 gold pieces at shops.

Inventory:

Hand Weapons
 b - a +0 whip of venom (weapon)
Missiles
 n - 2 throwing nets (quivered)
Armour
 c - a +0 buckler (worn)
 l - the +0 barding "Huukk" (worn) {Str+7}
   (You acquired it on level 3 of the Dungeon)

   Str:       It affects your strength (+7).
 o - a +0 pair of gloves (worn)
 u - a +0 plate armour (worn)
Jewellery
 t - a ring of protection from fire
 y - a ring of wizardry
Wands
 s - a wand of flame (14)
 v - a wand of polymorph (7)
Scrolls
 a - a scroll of vulnerability {unknown}
 h - 4 scrolls of blinking
 j - a scroll of poison {unknown}
 m - 2 scrolls of immolation {!r}
 p - 2 scrolls of teleportation
 q - a scroll of fear
 w - 2 scrolls of identify {@r1}
Potions
 d - 2 potions of might
 e - 4 potions of flight
 f - 2 potions of magic
 g - 3 potions of haste
 i - a potion of invisibility
 k - 2 potions of brilliance
 r - a potion of mutation {!q}
 x - 2 potions of curing {unknown}


   Skills:
 - Level 8.0 Fighting
 + Level 11.4 Maces & Flails
 - Level 8.0 Armour
 - Level 3.2 Shields
 - Level 5.0 Evocations


You had 9 spell levels left.
You didn't know any spells.
Your spell library contained the following spells:

 Spells                   Type           Power      Damage    Failure   Level
 Apportation              Tloc           0%         N/A       98%         1
 Kiss of Death            Conj/Necr      0%         2d5       98%         1
 Magic Dart               Conj           0%         1d3       98%         1
 Necrotise                Necr           0%         1d4       98%         1
 Summon Small Mammal      Summ           0%         N/A       98%         1
 Call Imp                 Summ           0%         N/A       99%         2
 Confusing Touch          Hex            0%         N/A       100%        3
 Mephitic Cloud           Conj/Pois/Air  0%         N/A       100%        3
 Dispel Undead            Necr           0%         3d6       100%        4
 Manifold Assault         Tloc           0%         N/A       100%        4
 Summon Lightning Spire   Summ/Air       0%         N/A       100%        4
 Dispersal                Tloc           0%         N/A       100%        6
 Storm Form               Tmut/Air       0%         N/A       100%        7
 Disjunction              Tloc           0%         N/A       100%        8
 Maxwell's Capacitive Co  Air            0%         ∞         100%        8


Dungeon Overview and Level Annotations

Branches:
Dungeon (9/15)             Temple (1/1) D:5
   Lair: D:8-11         Orc: D:9-12

Altars:
Ashenzari
Cheibriados
Dithmenos
Elyvilon
Fedhas
Gozag
Hepliaklqana
Kikubaaqudgha
Makhleb
Nemelex Xobeh
Okawaru
Qazlal
Ru
Sif Muna
Trog
Uskayaw
Vehumet
Wu Jian
Xom
Yredelemnul
Zin
The Shining One
Lugonu

Shops:
D:1 (   D:5 (   D:7 [   D:8 [


Innate Abilities, Weirdness & Mutations

You are completely covered in rugged brown scales. (AC +3, +7% HP)
Armour fits poorly on your strangely shaped body.
You have a long armoured tail.
You roll when moving toward enemies. (Rampage)
Your long tongue fully drains potion bottles. (2x potion effects)
Your tongue gives you trouble enunciating. (1.5x scroll delay)
You are mostly covered in iridescent scales. (AC +4)
You are clumsy. (Dex -2)


Message History

You hit the yak but do no damage.
The yak is poisoned.
Your tail-slap misses the yak.
You hear some strange, mumbled words.
Something tries to affect you, but you resist.
The yak gores you.
* * * LOW HITPOINT WARNING * * *
A yak comes into view.
You whack the yak!
The yak looks as sick as possible!
The yak is moderately wounded.
You hit the yak but do no damage.
The yak is moderately wounded.
Something hits you but does no damage. The yak gores you but does no damage.
You spin and attack the yak repeatedly.
You barely miss the yak.
The yak is moderately wounded.
You whack the yak!
The yak looks as sick as possible!
The yak is heavily wounded.
The yak gores you!
* * * LOW HITPOINT WARNING * * *
You hit the yak. You tail-slap the yak!
You kill the yak!
The Council accepts your kill.
Training target 5.0 for Evocations reached!
Your Evocations skill increases to level 5!
The yak attacks as you move away! The yak gores you but does no damage.
You hear some strange, mumbled words.
You are confused.
The yak attacks as you move away! The yak gores you but does no damage.
You whack the yak!
The yak is moderately wounded.
The yak gores you but does no damage.
You whack the yak!
The yak is poisoned.
The yak is severely wounded.
The yak gores you but does no damage.
You bump into the rock wall.
The yak gores you!
* * * LOW HITPOINT WARNING * * *
The yak gores you but does no damage. The yak gores you.
* * * LOW HITPOINT WARNING * * *
You bump into the rock wall.
The yak gores you but does no damage. x2
The yak gores you!
You die...

......###...# ##..### .
##...## #...# #### .
##### #..## .. #..# #..
#..# ###### ###... #..##
##....###..... #####
##..########.......o.....
....##
#......YY...))####).....
.....##
##.....@YY...###........
####..##
#########.†.##.....Y...
##..## ##..##.........
#...# #.............
###..# ..............
####....# #...........!..
.......## ...##......?...
######## #..## #.... #
#.# #...


You could see 4 yaks.

Vanquished Creatures
  A two-headed ogre (D:7)
  Joseph (D:9)
  A troll (D:9)
  Grinder (D:3)
  Prince Ribbit (D:9)
  A vampire (D:9)
  12 yaks
  A wyvern (D:7)
  An acid dragon (D:9)
  A water moccasin (D:7)
  2 ice beasts (D:6)
  A black bear (D:6)
  2 sky beasts
  5 ogres
  A centaur (D:9)
  2 phantoms
  3 kobold brigands
  2 bullfrogs
  A necrophage (D:5)
  A scorpion (D:7)
  9 wights
  6 killer bees (D:9)
  4 howler monkeys
  A jelly (D:6)
  A hound (D:5)
  2 orc priests (D:9)
  Ijyb (D:4)
  4 iguanas
  6 orc wizards
  9 gnolls
  5 adders
  8 river rats (D:6)
  A shadow imp (D:4)
  2 white imps
  3 ufetubi
  2 worms (D:4)
  A dart slug (D:5)
  20 orcs
  12 endoplasms
  A giant cockroach (D:1)
  10 goblins
  6 hobgoblins
  4 jackals (D:3)
  8 quokkas (D:6)
  5 ball pythons
  7 bats
  3 frilled lizards
  19 kobolds
  17 rats
218 creatures vanquished.

Vanquished Creatures (others)
  8 plants
8 creatures vanquished.

Grand Total: 226 creatures vanquished

Notes
Turn   | Place    | Note
-------+----------+-------------------------------------------
     0 | D:1      | Kenran the Armataur Fighter began the quest for the Orb.
     0 | D:1      | Reached XP level 1. HP: 19/19 MP: 1/1
    71 | D:1      | Reached skill level 2 in Maces & Flails
   191 | D:1      | Found Ucun's Antique Weapon Emporium.
   203 | D:1      | Reached XP level 2. HP: 26/26 MP: 2/2
   328 | D:1      | Reached skill level 3 in Maces & Flails
   468 | D:1      | Reached XP level 3. HP: 32/32 MP: 3/3
   958 | D:2      | Found a hide-covered altar of Uskayaw.
  1537 | D:3      | Reached XP level 4. HP: 40/40 MP: 4/4
  1599 | D:3      | Reached skill level 4 in Maces & Flails
  1756 | D:3      | Noticed Grinder
  1758 | D:3      | Paralysed by Grinder for 2 turns
  1762 | D:3      | Paralysed by Grinder for 3 turns
  1776 | D:3      | Paralysed by Grinder for 3 turns
  1783 | D:3      | Killed Grinder
  1784 | D:3      | Reached skill level 5 in Maces & Flails
  1784 | D:3      | Reached XP level 5. HP: 42/48 MP: 5/5
  1784 | D:3      | Reached XP level 6. HP: 47/54 MP: 6/6
  2027 | D:3      | Identified a scroll of acquirement
  2028 | D:3      | Acquired the +0 barding "Huukk" {Str+7}
  2389 | D:3      | Found a glowing silver altar of Zin.
  2389 | D:3      | Noticed an angel
  2848 | D:4      | Noticed Ijyb
  2862 | D:4      | Killed Ijyb
  3378 | D:5      | Entered Level 5 of the Dungeon
  3439 | D:5      | Reached skill level 6 in Maces & Flails
  3439 | D:5      | Reached skill level 5 in Armour
  3439 | D:5      | Reached XP level 7. HP: 60/62 MP: 7/7
  3549 | D:5      | Found a stormy altar of Qazlal.
  3740 | D:5      | Found Bulubo's Hydra Hut.
  3744 | D:5      | Noticed a six-headed hydra
  3770 | D:5      | Found a staircase to the Ecumenical Temple.
  3843 | Temple   | Entered the Ecumenical Temple
  3893 | Temple   | Became a worshipper of the Wu Jian Council
  4005 | D:5      | Reached skill level 7 in Maces & Flails
  4167 | D:6      | Reached XP level 8. HP: 5/71 MP: 8/8
  4485 | D:6      | Reached skill level 5 in Fighting
  4581 | D:6      | Found a hazy altar of Hepliaklqana.
  4606 | D:6      | Found a basalt altar of Yredelemnul.
  4766 | D:6      | Reached skill level 8 in Maces & Flails
  5070 | D:6      | Found a shadowy altar of Dithmenos.
  5087 | D:6      | Found a blossoming altar of Fedhas.
  5284 | D:6      | Reached skill level 9 in Maces & Flails
  5297 | D:6      | Reached * piety under Wu Jian
  5970 | D:7      | Identified the +4 falchion "Killer Bee's Curse" {drain,
                  | +Blink Dex+6}
  5976 | D:7      | Found a bloodstained altar of Trog.
  6110 | D:7      | Gained mutation: You are clumsy. (Dex -2) [potion of
                  | mutation]
  6110 | D:7      | Gained mutation: You are partially covered in iridescent
                  | scales. (AC +2) [potion of mutation]
  6110 | D:7      | Gained mutation: You are mostly covered in iridescent
                  | scales. (AC +4) [potion of mutation]
  6114 | D:7      | Reached XP level 9. HP: 65/79 MP: 9/9
  6209 | D:7      | Found a glowing golden altar of the Shining One.
  6278 | D:7      | Noticed a two-headed ogre
  6298 | D:7      | Killed a two-headed ogre
  6299 | D:7      | Reached skill level 10 in Maces & Flails
  6558 | D:7      | Found Guokk's Armour Emporium.
  6561 | D:7      | Bought a +0 pair of gloves for 67 gold pieces
  7008 | D:8      | Found Haiz's Armour Boutique.
  7158 | D:7      | Reached XP level 10. HP: 31/87 MP: 10/10
  7449 | D:8      | Reached ** piety under Wu Jian
  7528 | D:8      | Identified the +1 pair of boots "Gasifo" {Int+4}
  7597 | D:8      | Found an opulent altar of Gozag.
  8383 | D:9      | Found a broken altar of Ashenzari.
  8439 | D:9      | Noticed Joseph
  8499 | D:9      | Killed Joseph
  8875 | D:9      | Identified the +1 scale mail of Wevi Tif {+Blink rC+ rN+
                  | Str+2}
  8902 | D:9      | Found a shimmering altar of Xom.
  9030 | D:9      | Reached skill level 11 in Maces & Flails
  9308 | D:9      | Found a sacrificial altar of Ru.
  9308 | D:9      | Found a snail-covered altar of Cheibriados.
  9614 | D:9      | Noticed Prince Ribbit
  9653 | D:9      | Killed Prince Ribbit
  9673 | D:9      | Reached skill level 5 in Evocations
  9679 | D:9      | Slain by a yak

Illustrated notes

Levels and vault maps discovered:
D:1:      lightli_iron_boxes, layout_loops_ring, serial_shops, shop
D:2:      minmay_skewed_foursquare, layout_rooms, basic_altar, serial_glass,
          glass_columns_b, glass_columns_c, glass_columns_a, glass_columns_b,
          item_on_display_a, item_on_display_a, minmay_strange_pillars,
          kennysheep_minor_cross
D:3:      layout_basic, zin_angel, uniq_grinder
D:4:      layout_loops_corners, uniq_ijyb
D:5:      layout_cave_pools, mainiacjoe_overflow_tiny_flanked,
          minmay_temple_entry_crystal_x, doesnt_shop_hydraphobe
D:6:      lemuel_ratsnest, layout_loops_ring, mainiacjoe_overflow_cross_hatched,
          lemuel_doored_altar, lemuel_coloured_pillars_altar,
          fedhas_altar_fruit_tree
D:7:      layout_cave_pools, trog_hazing_becter, general_overflow_altar,
          serial_shops, kennysheep_mini_moat
D:8:      layout_cave_pools, amcnicky_altar_gilded, enter_bailey_5,
          serial_shops, kennysheep_little_box
D:9:      layout_layer_cave, gammafunk_temple_overflow_elements, tgw_xom,
          nicolae_ashenzari_skybound, uniq_prince_ribbit1, uniq_joseph
Temple:   corrupted_temple

Skill      XL: |  1  2  3  4  5  6  7  8  9 10 |
---------------+-------------------------------+-----
Maces & Flails | 2 3 5 6 7 9 10 11 | 11.4
Fighting       | 3 4 5 7 8 |  8.0
Armour         | 4 5 6 8 |  8.0
Evocations     | 3 5 |  5.0
Shields        | |  3.2

Action                     |  1- 3 |  4- 6 |  7- 9 | 10-12 || total
---------------------------+-------+-------+-------+-------++-------
  Melee: Flail             |    60 |       |       |       ||    60
         Tailslap          |    10 |    10 |    63 |    31 ||   114
         Whip              |    39 |   164 |   401 |   324 ||   928
Ability: Whirlwind         |       |       |    10 |     3 ||    13
  Evoke: Wand              |       |       |    18 |       ||    18
    Use: Scroll            |     5 |     2 |     4 |     1 ||    12
         Potion            |       |     2 |     4 |     1 ||     7
 Armour: Scale mail        |    44 |    48 |    16 |       ||   108
         Skin              |       |     4 |       |       ||     4
         Chain mail        |       |       |   211 |       ||   211
         Plate armour      |       |       |    22 |   173 ||   195
  Dodge: Dodged            |    25 |    29 |    60 |    36 ||   150
  Block: Buckler           |    19 |    27 |    47 |    41 ||   134

Table legend: (Time is in decaauts)
 A = Elapsed time spent in this place.
 B = Non-inter-level travel time spent in this place.
 C = Inter-level travel time spent in this place.
 D = Time resting spent in this place.
 E = Time spent auto-exploring this place.
 F = Levels seen in this place.
 G = Mean time per level.
                   A        B        C        D        E       F      G
               +--------+--------+--------+--------+--------+-----+--------+
         Total |   9456 |   9243 |    213 |   2337 |   4717 |  10 |  945.6 |
       Dungeon |   9391 |   9191 |    200 |   2337 |   4693 |   9 | 1043.4 |
        Temple |     64 |     51 |     13 |      0 |     24 |   1 |   64.0 |
               +--------+--------+--------+--------+--------+-----+--------+

Top non-repeatable levels by time:
     D:6: 1820 daAuts
     D:9: 1574 daAuts
     D:7: 1031 daAuts
     D:3: 934 daAuts
     D:4: 919 daAuts
     D:2: 821 daAuts
     D:8: 802 daAuts
     D:5: 782 daAuts
     D:1: 704 daAuts
  Temple: 64 daAuts
